 Adventure DCSS version bcrawl-1.21.2-20-g6d45ba5942 (webtiles) character file.

Game seed: 231569955488125790

445 galech the Chopper (level 6, 26/48 HPs)
             Began as a Demonspawn Fighter on Feb 25, 2020.
             Quit the game on level 5 of the Dungeon.
             The game lasted 00:04:46 (3784 turns).

galech the Chopper (Demonspawn Fighter)             Turns: 3784, Time: 00:04:47

Health: 26/48      AC: 11    Str: 16    XL:     6   Next: 72%
Magic:  6/6        EV:  7    Int:  9    God:
Gold:   322        SH:  9    Dex: 15    Spells: 5/5 levels left
                                        Lives:  1   Deaths: 1

rFire    . . .     SeeInvis +   u - +1 war axe (freeze)
rCold    . . .     Gourm    .   c - +0 medium shield
rNeg     . . .     Faith    .   i - +0 chain mail
rPois    .         Spirit   .   (no helmet)
rElec    .         Reflect  .   s - +0 cloak
rCorr    .         Harm     .   (no gloves)
MR       .....                  y - +0 pair of boots
Stlth    ..........             (no amulet)
HPRegen  0.16/turn              l - ring of see invisible
MPRegen  0.10/turn              (no ring)

@: no status effects
A: spiny 2, sturdy frame 2
a: no special abilities


You were on level 5 of the Dungeon.
You were not hungry.

You visited 1 branch of the dungeon, and saw 5 of its levels.
You also visited: Sewer.

You collected 322 gold pieces.

Inventory:

Hand Weapons
 a - a +0 war axe
 u - a +1 war axe of freezing (weapon)
Armour
 c - a +0 medium shield (worn)
 i - a +0 chain mail (worn)
 s - a +0 cloak (worn)
 y - a +0 pair of boots (worn)
Jewellery
 l - a ring of see invisible (left hand)
Scrolls
 b - a scroll of immolation {unknown}
 f - 2 scrolls of enchant armour
 g - 3 scrolls of teleportation
 h - 2 scrolls of remove curse
 o - 4 scrolls of magic mapping
 r - a scroll of blinking
 t - a scroll of fog
Potions
 d - a potion of might
 j - 2 potions of cancellation
 k - a potion of agility
 m - 2 potions of mutation
 n - a potion of ambrosia
 p - a potion of lignification
 q - 2 potions of curing
 v - 2 potions of haste {unknown}
 x - a potion of berserk rage {unknown}
Comestibles
 e - 8 rations {!d}
 w - 9 chunks of flesh


   Skills:
 + Level 4.0 Fighting
 + Level 4.8 Axes
 + Level 4.2 Armour
 + Level 2.0 Dodging
 + Level 0.7 Stealth
 + Level 3.9 Shields


You had 5 spell levels left.
You didn't know any spells.
Your spell library was empty.

Dungeon Overview and Level Annotations

Branches:
Dungeon (5/12)
 Temple: D:4-7

Altars:
Elyvilon
Fedhas
Ru
Uskayaw
Vehumet
Wu Jian
Yredelemnul

Shops:
D:5 (


Innate Abilities, Weirdness & Mutations

You are mostly covered in sharp spines.
Your movements are less encumbered by armour. (ER -4)


Message History

You are too injured to fight recklessly!
You are too injured to fight recklessly!
You are too injured to fight recklessly!
You are too injured to fight recklessly!
You are too injured to fight recklessly!
You are too injured to fight recklessly!
You are too injured to fight recklessly!
You are too injured to fight recklessly!
Your shield and chain mail prevent you from hitting the troll.
The troll is almost dead.
You block the troll's attack. x2; The troll barely misses you.
You closely miss the troll.
The troll is almost dead.
The troll is struck by your spines.
You kill the troll!
Your Fighting skill increases to level 4!
Your Armour skill increases to level 4!
Your Dodging skill increases to level 2!
Welcome back to level 6!
Are you sure you want to abandon this character and quit the game? (Confirm with "yes".)

##.####...##....#≈.
#..##...####..#.#≈≈
###+###.##..###
#..#.#≈≈
.....<..#..##
#..#.##'
##..####..##
.......÷ #..####.##
# ##......
#....#.####..#
#.♣♣♣♣♣ #....<...##
#.♣###♣
#..@.......###..'∩'.
#.###.####.†...♣###♣
#. .# ###..(♣ .. ##
#....# #. #.....# ##
#<....# #####...
.#.# ....


There were no monsters in sight!

Vanquished Creatures
  A troll (D:5)
  A crocodile (Sewer)
  An orc wizard (D:4)
  Jessica (D:3)
  Terence (D:3)
  2 iguanas (D:4)
  2 worker ants (D:4)
  4 adders
  A shadow imp (D:4)
  An ooze (D:3)
  3 worms
  4 dart slugs
  4 leopard geckos
  5 orcs (D:4)
  A ball python (D:1)
  5 giant cockroaches
  6 goblins
  10 hobgoblins
  4 jackals (D:2)
  8 kobolds
  A quokka (D:1)
  14 bats
  6 frilled lizards
  A jackal skeleton (D:4)
  4 rats
91 creatures vanquished.

Notes
Turn   | Place    | Note
-------+----------+-------------------------------------------
     0 | D:1      | galech the Demonspawn Fighter began the quest for the Orb.
     0 | D:1      | Reached XP level 1. HP: 18/18 MP: 1/1
   273 | D:1      | Gained mutation: Your movements are slightly less
                  | encumbered by armour. (ER -2) [demonic ancestry]
   273 | D:1      | Reached XP level 2. HP: 24/24 MP: 2/2
   523 | D:1      | Reached XP level 3. HP: 29/29 MP: 3/3
  1073 | D:2      | Found a sacrificial altar of Ru.
  1190 | D:2      | Found a hide-covered altar of Uskayaw.
  1304 | D:2      | Found a white marble altar of Elyvilon.
  1715 | D:2      | Found an ornate altar of the Wu Jian Council.
  1745 | D:2      | Gained mutation: Your movements are less encumbered by
                  | armour. (ER -4) [demonic ancestry]
  1745 | D:2      | Reached XP level 4. HP: 28/35 MP: 4/4
  1917 | D:3      | Found a basalt altar of Yredelemnul.
  2039 | D:3      | Found a radiant altar of Vehumet.
  2158 | D:3      | Noticed Terence
  2163 | D:3      | Killed Terence
  2464 | D:3      | Noticed Jessica
  2474 | D:3      | Killed Jessica
  2474 | D:3      | Gained mutation: You are partially covered in sharp spines.
                  | [demonic ancestry]
  2474 | D:3      | Reached XP level 5. HP: 37/41 MP: 5/5
  3217 | D:4      | Gained mutation: You are mostly covered in sharp spines.
                  | [demonic ancestry]
  3217 | D:4      | Reached XP level 6. HP: 46/48 MP: 6/6
  3290 | D:4      | Found a blossoming altar of Fedhas.
  3512 | D:4      | Reached skill level 1 in Dodging
  3589 | D:5      | Entered Level 5 of the Dungeon
  3590 | D:5      | Found a glowing drain.
  3613 | Sewer    | Entered a sewer
  3639 | Sewer    | Noticed a crocodile
  3647 | Sewer    | Killed a crocodile
  3747 | D:5      | Found Xuatig's Antique Weapon Shop.
  3753 | D:5      | Noticed a troll
  3766 | D:5      | Slain by a troll
  3767 | D:5      | Reached XP level 5. HP: 0/42 MP: 5/5
  3780 | D:5      | Killed a troll
  3780 | D:5      | Reached XP level 6. HP: 25/48 MP: 6/6
  3784 | D:5      | Quit the game

Skill      XL: |  1  2  3  4  5  6 |
---------------+-------------------+-----
Armour         | 3 4 |  4.2
Axes           | 2 3 4 |  4.8
Shields        | 3 |  3.9
Dodging        | 2 1 |  2.0
Fighting       | 4 |  4.0
Stealth        | |  0.7

Action                   |  1- 3 |  4- 6 || total
-------------------------+-------+-------++-------
Melee: War axe           |   125 |   117 ||   242
  Use: Scroll            |       |    12 ||    12
       Potion            |       |     1 ||     1
  Eat: Chunk             |     3 |     6 ||     9
Armor: Scale mail        |    57 |    27 ||    84
       Chain mail        |       |    33 ||    33
Dodge: Dodged            |    42 |    46 ||    88
Block: Medium shield     |    66 |    67 ||   133
